 Dungeon Crawl Stone Soup version 0.28-a0-1613-gdaab1c2f9b (webtiles) character file.

Game seed: 16258850524309010990

28 murtidash the Skirmisher (level 3, 31/31 HPs)
             Began as a Ghoul Abyssal Knight on Jan 21, 2022.
             Was a Follower of Lugonu.
             Quit the game on level 1 of the Dungeon.
             The game lasted 00:01:17 (1352 turns).

murtidash the Skirmisher (Ghoul Abyssal Knight)     Turns: 1352, Time: 00:01:18

Health: 31/31      AC:  3    Str: 18    XL:     3   Next: 12%
Magic:  3/3        EV: 11    Int:  5    God:    Lugonu [*.....]
Gold:   47         SH:  0    Dex:  9    Spells: 2/2 levels left

rFire   . . .      SeeInvis .     - Unarmed
rCold   + . .      Faith    .   (no shield)
rNeg    + + +      Spirit   .   a - +0 leather armour
rPois   ∞          Reflect  .   (no helmet)
rElec   .          Harm     .   (no cloak)
rCorr   .          Rampage  .   (no gloves)
Will    .....                   (no boots)
Stlth   +.........              (no amulet)
HPRegen 0.10/turn               (no ring)
MPRegen 0.08/turn               (no ring)

@: no status effects
A: claws 1, cold resistance 1, negative energy resistance 3, inhibited
regeneration, torment resistance 2
a: Renounce Religion, Depart the Abyss


You were on level 1 of the Dungeon.
You worshipped Lugonu.
Lugonu was aware of your devotion.
You visited 1 branch of the dungeon, and saw 1 of its levels.
You visited the Abyss 1 time.

You collected 47 gold pieces.

Inventory:

Armour
 a - a +0 leather armour (worn)
Jewellery
 b - a ring of ice {rC+, rF-}
   (You found it on level 1 of the Dungeon)


   Skills:
 + Level 3.5 Fighting
 + Level 2.1 Armour
 + Level 1.3 Dodging
 + Level 2.5 Unarmed Combat
 + Level 2.4 Invocations


You had 2 spell levels left.
You didn't know any spells.
Your spell library was empty.

Dungeon Overview and Level Annotations

Branches:
Dungeon (1/15)

Altars:


Innate Abilities, Weirdness & Mutations

You thrive by killing the living.
You are immune to poison.
You have sharp fingernails.
Your flesh is cold resistant. (rC+)
You are immune to negative energy. (rN+++)
You do not regenerate when monsters are visible.
You are immune to unholy pain and torment.


Message History

No target in view!
No target in view!
No target in view!
No target in view!
No target in view!
No target in view!
No target in view!
No target in view!
No target in view!
No target in view!
No target in view!
No target in view!
A ball python comes into view.
The ball python hisses angrily.
Health restored: 31 The ball python closely misses you.
The ball python barely misses you.
You scratch the ball python. You claw the ball python.
You kill the ball python!
Lugonu accepts your kill.
No target in view!
No target in view!
No target in view!
No target in view!
No target in view!
No target in view!
No target in view!
No target in view!
No target in view!
No target in view!
No target in view!
You now have 47 gold pieces (gained 6).
You open the door.
A rat and a bat come into view.
The bat hits you but does no damage.
There is an open door here.
You barely miss the bat. The bat closely misses you. The bat barely misses you.
The bat misses you.
You scratch the bat. The bat barely misses you.
You closely miss the rat. The rat bites you but does no damage.
The bat hits you.
You take 1 damage, and have 30/31 hp.
You scratch the bat but do no damage. Your claw misses the bat.
The bat barely misses you. The rat bites you.
You take 2 damage, and have 28/31 hp.
You closely miss the bat. The bat hits you. The rat closely misses you.
You take 1 damage, and have 27/31 hp.
You scratch the rat.
You kill the rat!
Lugonu accepts your kill. The bat barely misses you.
The bat closely misses you.
You see here a rat corpse.
The bat closely misses you. The bat closely misses you.
You claw the bat!
You kill the bat!
Lugonu accepts your kill.
You feel better.
You regained 3 hp, and now have 30/31 hp.
No target in view!
No target in view!
No target in view!
No target in view!
No target in view!
No target in view!
No target in view!
No target in view!
No target in view!
No target in view!
No target in view!
No target in view!
No target in view!
No target in view!
No target in view!
You open the door.
There is an open door here.
A bat comes into view.
Health restored: 31 The helpless bat fails to defend itself.
You scratch the bat.
You kill the bat!
Lugonu accepts your kill.
No target in view!
No target in view!
No target in view!
No target in view!
No target in view!
No target in view!
No target in view!
No target in view!
No target in view!
No target in view!
No target in view!
No target in view!
No target in view!
No target in view!
You see here a +0 dagger.
You see here a +0 dagger.
A goblin comes into view. It is wielding a +0 dagger.
The goblin moves out of view.

## ######
#########....
#....)
.............
#.####
#####.###.#..#####
#.# #. #
##...##........#
#.# #. #.....# #@#
#.# #. ##...##
##.## ###)###.
##.## #...#
###....... #.#
#...# #.........
#.# #...#
#.#.#####. ##'##
###.# #.#.# #.
##...## #.#
#.#.#####.
##.....## ###.#
#.......#.
##.......## ##.#.#
#.###...#.


There were no monsters in sight!

Vanquished Creatures
  An endoplasm (D:1)
  3 hobgoblins (D:1)
  4 jackals (D:1)
  2 quokkas (D:1)
  6 ball pythons (D:1)
  3 bats (D:1)
  2 frilled lizards (D:1)
  A goblin (D:1)
  3 kobolds (D:1)
  3 rats (D:1)
28 creatures vanquished.

Notes
Turn   | Place    | Note
-------+----------+-------------------------------------------
     0 | Abyss:1  | murtidash the Ghoul Abyssal Knight began the quest for the
                  | Orb.
     0 | Abyss:1  | Reached XP level 1. HP: 19/19 MP: 1/1
    42 | Abyss:2  | Noticed a fenstrider witch zombie
    51 | Abyss:2  | Noticed an earth elemental
    51 | Abyss:2  | Noticed a shadow
    52 | Abyss:2  | Noticed an angel
    53 | D:1      | Escaped the Abyss
   164 | D:1      | Reached skill level 1 in Dodging
   201 | D:1      | Reached * piety under Lugonu
   499 | D:1      | Found a faded altar of an unknown god.
   504 | D:1      | Reached XP level 2. HP: 26/26 MP: 2/2
   626 | D:1      | Reached skill level 2 in Armour
  1057 | D:1      | Reached XP level 3. HP: 31/31 MP: 3/3
  1352 | D:1      | Quit the game

Illustrated notes

Levels and vault maps discovered:
D:1:      giann_wishing_wells, layout_loops_corners,
          shapermc_ecumenical_altar_flowoftime

Skill      XL: |  1  2 |
---------------+-------+-----
Dodging        | 1 |  1.3
Armour         | 2 |  2.1
Fighting       | |  3.5
Unarmed Combat | |  2.5
Invocations    | |  2.4

Action                   || total
-------------------------++-------
Melee: Unarmed           ||    95
       Punch             ||     3
Invok: Depart the Abyss  ||     1
 Stab: Sleeping          ||     1
Armor: Leather armour    ||    24
Dodge: Dodged            ||    67

Table legend: (Time is in decaauts)
 A = Elapsed time spent in this place.
 B = Non-inter-level travel time spent in this place.
 C = Inter-level travel time spent in this place.
 D = Time resting spent in this place.
 E = Time spent auto-exploring this place.
 F = Levels seen in this place.
 G = Mean time per level.
                   A        B        C        D        E       F      G
               +--------+--------+--------+--------+--------+-----+--------+
         Total |   1347 |   1347 |      0 |      0 |   1177 |   3 |  449.0 |
       Dungeon |   1295 |   1295 |      0 |      0 |   1143 |   1 | 1295.0 |
         Abyss |     52 |     52 |      0 |      0 |     34 |   2 |   26.0 |
               +--------+--------+--------+--------+--------+-----+--------+

Top non-repeatable levels by time:
     D:1: 1295 daAuts
 Abyss:2: 41 daAuts
 Abyss:1: 11 daAuts

Table legend:
 A = Kills in this place as a percentage of kills in entire the game.
 B = Kills by you in this place as a percentage of kills by you in the entire game.
 C = Kills by friends in this place as a percentage of kills by friends in the entire game.
 D = Other kills in this place as a percentage of other kills in the entire game.
 E = Experience gained in this place as a percentage of experience gained in the entire game.
 F = Experience gained in this place divided by the number of levels of this place that you have seen.
                   A       B       C       D       E      F
               +-------+-------+-------+-------+-------+----------------------
         Total | 100.0 | 100.0 |   N/A |   N/A | 100.0 |  13.3
       Dungeon | 100.0 | 100.0 |   N/A |   N/A | 100.0 |  40.0
               +-------+-------+-------+-------+-------+----------------------
